 Dungeon Crawl Stone Soup version 0.24-a0-22-g2a401c0 (webtiles) character file.

Game seed: 14316904994277338198

45 Gorice the Slasher (level 3, -2/27 HPs)
             Began as a Human Gladiator on Feb 1, 2019.
             Slain by an ice beast (5 damage)
             ... on level 2 of the Dungeon.
             The game lasted 00:05:19 (1581 turns).

Gorice the Slasher (Human Gladiator)                Turns: 1581, Time: 00:05:20

Health: -2/27      AC:  7    Str: 15    XL:     3   Next: 90%
Magic:  3/3        EV: 10    Int:  8    God:
Gold:   136        SH:  3    Dex: 14    Spells: 2/2 levels left

rFire    . . .     SeeInvis .   a - +0 long sword
rCold    . . .     Gourm    .   i - +0 buckler
rNeg     . . .     Faith    .   k - +0 scale mail
rPois    .         Spirit   .   c - +0 helmet
rElec    .         Reflect  .   (no cloak)
rCorr    .         Harm     .   (no gloves)
MR       .....                  (no boots)
Stlth    ..........             (no amulet)
HPRegen  0.09/turn              (no ring)
MPRegen  0.08/turn              (no ring)

@: no status effects
A: no striking features
a: no special abilities


You were on level 2 of the Dungeon.
You were not hungry.

You visited 1 branch of the dungeon, and saw 2 of its levels.

You collected 136 gold pieces.

Inventory:

Hand Weapons
 a - a +0 long sword (weapon)
 l - a +0 dagger of flaming
   (You took it off a kobold on level 2 of the Dungeon)
Missiles
 d - 12 sling bullets
 Y - 45 stones (quivered)
 Z - a throwing net {!f}
Armour
 b - a +0 leather armour
 c - a +0 helmet (worn)
 i - a +0 buckler (worn)
 k - a +0 scale mail (worn)
Scrolls
 e - 3 scrolls of remove curse
 j - a scroll of immolation {unknown}
 n - a scroll of amnesia {unknown}
 o - a scroll of fear {unknown}
Potions
 h - 2 potions of might {!q}
 m - a potion of haste {unknown}
Comestibles
 f - 2 rations
 g - 3 chunks of flesh


   Skills:
 - Level 2.0 Fighting
 * Level 4.4 Long Blades
 - Level 2.0 Throwing
 + Level 0.7 Armour
 - Level 3.0 Dodging


You had 2 spell levels left.
You didn't know any spells.
Your spell library was empty.

Dungeon Overview and Level Annotations

Branches:
Dungeon (2/15)

Altars:


Message History

The throwing net {!f} hits the ice beast.
The ice beast is caught in the net!
The ice beast is moderately wounded.
The ice beast struggles against the net.
You catch the helpless ice beast completely off-guard!
You hit the ice beast but do no damage.
The ice beast is moderately wounded.
The ice beast struggles against the net.
You hit the ice beast.
The ice beast is heavily wounded.
The ice beast struggles against the net.
You hit the ice beast.
The ice beast is severely wounded.
The ice beast struggles against the net.
You strike the helpless ice beast from behind!
You hit the ice beast but do no damage.
The ice beast is severely wounded.
The ice beast struggles against the net.
You hit the ice beast but do no damage.
The ice beast is severely wounded.
The ice beast struggles against the net.
The net rips apart, and the ice beast comes free!
You barely miss the ice beast.
The ice beast is severely wounded.
The ice beast barely misses you. The ice beast closely misses you.
You riposte.
You hit the ice beast but do no damage.
The ice beast is severely wounded.
Some of the chunks of flesh in your inventory have rotted away.
You hit the ice beast.
The ice beast is severely wounded.
The ice beast hits you but does no damage.
You barely miss the ice beast.
The ice beast is severely wounded.
The ice beast completely misses you.
You barely miss the ice beast.
The ice beast is severely wounded.
The ice beast hits you. The ice beast freezes you!
* * * LOW HITPOINT WARNING * * *
Damage: 14 (max 14)
You are too injured to fight recklessly!
You are too injured to fight recklessly!
You are too injured to fight recklessly!
You are too injured to fight recklessly!
You are too injured to fight recklessly!
You closely miss the ice beast.
The ice beast is severely wounded.
The ice beast hits you.
* * * LOW HITPOINT WARNING * * *
The ice beast freezes you.
You die...

#.##................##.
#.###.#.#####.#.#.#.##.
#.##..........#.#.#....
#.##.##.#.###.#......Y.
#.#....(..........#.#<#
######......(......#####.#.#
#..........(.......# #.#.#
###.#######Y.#.###.# #.#.#
#.# #@.#.# #.# #.#.. #.#
#..#.# #.# ..... #.# #..#.#
#.# ..... #.# #..#.# #.# ...
#.# #..#+###.# #.#
#.....##.# #.# #.....##.#
#.#######.....##.##
#.................#


You could see an ice beast.

Vanquished Creatures
  A worm (D:2)
  A leopard gecko (D:1)
  A giant cockroach (D:2)
  2 hobgoblins
  8 jackals (D:1)
  3 quokkas (D:2)
  4 bats
  3 frilled lizards
  4 goblins
  7 kobolds
  4 rats
38 creatures vanquished.

Notes
Turn   | Place    | Note
-------+----------+-------------------------------------------
     0 | D:1      | Gorice the Human Gladiator began the quest for the Orb.
     0 | D:1      | Reached XP level 1. HP: 16/16 MP: 1/1
   154 | D:1      | Reached XP level 2. HP: 16/22 MP: 2/2
   407 | D:1      | Reached skill level 4 in Long Blades
   407 | D:1      | Reached XP level 3. HP: 25/27 MP: 3/3
   835 | D:2      | Noticed an ice beast
   842 | D:2      | HP: 4/27 [ice beast (13)]
   860 | D:2      | HP: 2/27 [ice beast (10)]
  1580 | D:2      | HP: 5/27 [ice beast (10)]
  1581 | D:2      | Slain by an ice beast

Vault maps used:
D:1:      roderic_crossed_star, minmay_strange_pillars
D:2:      gammafunk_temple_overflow_statue, kennysheep_doodads,
          chequers_serial_rivers_micro_a, kennysheep_nondescript

Skill      XL: |  1  2 |
---------------+-------+-----
Long Blades    | 4 |  4.4
Fighting       | |  2.0
Throwing       | |  2.0
Armour         | |  0.7
Dodging        | |  3.0

Action                   || total
-------------------------++-------
Melee: Long sword        ||   124
Throw: Stone             ||     3
       Throwing net      ||     2
  Use: Scroll            ||     4
       Potion            ||     2
 Stab: Held in net/web   ||     4
  Eat: Chunk             ||     2
Armor: Leather armour    ||    25
       Scale mail        ||    39
Dodge: Dodged            ||    90
Block: Buckler           ||    13
       Rpst.: Long sword ||    28

Table legend:
 A = Non-vault XP
 B = Vault XP
 C = Vault XP percentage of total XP
 D = Non-vault monster count
 E = Vault monster count
 F = Vault count percentage of total count
                 A         B        C        D         E       F
            +---------+---------+-------+---------+---------+-------
      Total |      65 |       0 |   0.0 |      38 |       0 |   0.0
            +---------+---------+-------+---------+---------+-------
        D:1 |      35 |       0 |   0.0 |      22 |       0 |   0.0
        D:2 |      30 |       0 |   0.0 |      16 |       0 |   0.0
            +---------+---------+-------+---------+---------+-------

Table legend:
 A = Turns spent in this place as a percentage of turns spent in the entire game.
 B = Non-inter-level travel turns spent in this place as a percentage of non-inter-level travel turns spent in the entire game.
 C = Inter-level travel turns spent in this place as a percentage of turns spent in this place.
 D = Turns resting spent in this place as a percentage of non-inter-level travel turns spent in this place.
 E = Turns spent auto-exploring this place as a percentage of non-inter-level travel turns spent in this place.
 F = Non-inter-level travel turns spent in this place divided by the number of levels of this place that you've seen.
                   A       B       C       D       E      F
               +-------+-------+-------+-------+-------+----------------------
         Total | 100.0 | 100.0 |   7.2 |  15.1 |  46.9 | 733.5
       Dungeon | 100.0 | 100.0 |   7.2 |  15.1 |  46.9 | 733.5
               +-------+-------+-------+-------+-------+----------------------

Vault maps used:
D:1:      roderic_crossed_star, minmay_strange_pillars
D:2:      gammafunk_temple_overflow_statue, kennysheep_doodads,
          chequers_serial_rivers_micro_a, kennysheep_nondescript
